Map: Acropolis LE

Players

Creed - Winner!

  • Race: Terran Terran
  • Spawn Location: 11:00

Bleak

  • Race: Terran Terran
  • Spawn Location: 5:00

Event: 2019 WCS Summer

VOD

Have the link to the VOD?

Description

Time

  • Played on: July 12, 2019, 9:11 a.m.
  • Length: 13:32

All games in this series

Show
View Real Time Build Order
Export as new Build Order

Creed Terran - Winner!

Build Orders:  

Get SALT Encoding   

  12  0:00  SCV  
  13  0:13  SCV  
  14  0:17  Supply Depot  
  14  0:25  SCV  
  14  0:28  Refinery  
  15  0:38  SCV  
  16  0:44  Barracks  
  16  0:50  SCV  
  16  0:54  Refinery  
  17  1:03  SCV  
  18  1:15  SCV  
  19  1:31  Orbital Command  
  19  1:32  Reaper  
  20  1:35  Factory  
  20  1:43  Supply Depot  
  20  1:57  SCV  
  21  2:04  Reaper  
  22  2:09  SCV  
  23  2:19  Hellion  
  25  2:29  Command Center  
  25  2:32  SCV  
  25  2:36  Supply Depot  
  27  2:37  Reaper  
  27  2:42  Hellion  
  29  2:45  SCV  
  30  2:55  Starport  
  30  2:57  SCV  
  31  3:05  Factory Tech Lab  
  31  3:09  Barracks Tech Lab  
  31  3:10  SCV  
  32  3:22  SCV  
  32  3:25  Cyclone  
  36  3:31  Refinery  
  36  3:34  SCV  
  36  3:41  Orbital Command  
  37  3:43  Raven  
  37  3:45  Barracks Reactor  
  37  3:46  SCV  
  40  3:59  SCV  
  40  4:01  Cyclone  
  44  4:07  SCV  
  45  4:11  SCV, Supply Depot  
  46  4:19  SCV  
  46  4:21  Marine x2  
  46  4:23  SCV  
  50  4:26  Raven  
  50  4:31  SCV  
  53  4:35  SCV  
  54  4:40  Command Center  
  54  4:42  Supply Depot  
  54  4:43  Siege Tank  
  57  4:46  SCV  
  57  4:48  Marine x2  
  57  4:50  SCV  
  61  4:59  SCV  
  62  5:00  Refinery  
  62  5:03  SCV  
  63  5:08  Marine x2  
  63  5:14  SCV  
  66  5:15  Siege Tank  
  68  5:23  SCV  
  68  5:26  SCV  
  64  5:40  SCV x2  
  64  5:41  Viking x2  
  70  5:49  Stimpack  
  70  5:51  Marine  
  70  5:52  Siege Tank  
  70  5:54  Supply Depot  
  70  5:55  Engineering Bay x2  
  74  5:57  Orbital Command  
  74  6:03  SCV x2  
  76  6:09  Marine  
  77  6:13  Viking x2  
  77  6:16  Supply Depot  
  77  6:17  SCV  
  77  6:18  SCV  
  83  6:25  Siege Tank  
  86  6:26  Orbital Command  
  86  6:30  Terran Infantry Weapons Level 1, Terran Infantry Armor Level 1  
  86  6:32  SCV x2  
  88  6:37  Marine  
  89  6:41  Barracks  
  89  6:43  Barracks  
  89  6:44  Viking  
  89  6:46  SCV  
  89  6:47  SCV  
  93  6:50  Viking  
  93  6:53  SCV  
  96  6:55  Marine  
  97  7:02  SCV x2  
  97  7:03  Supply Depot  
  97  7:05  SCV  
  100  7:12  Barracks x2  
  100  7:16  SCV  
  101  7:24  Siege Tank, Marine, SCV  
  103  7:33  Barracks Reactor, SCV x2  
  105  7:39  Barracks Reactor, Medivac x2  
  106  7:47  Marine  
  106  7:50  SCV x3  
  109  7:51  Armory  
  109  7:53  Supply Depot x2  
  109  7:54  Refinery, Supply Depot  
  109  7:57  Factory  
  109  8:03  Barracks Reactor x2  
  109  8:09  Combat Shield  
  109  8:13  Barracks Tech Lab x2  
  109  8:14  Siege Tank, Marine x2, SCV x3  
  109  8:17  Medivac  
  118  8:22  Command Center  
  118  8:26  SCV x2  
  119  8:30  Marine  
  119  8:31  Marauder, Marine  
  119  8:32  Marine  
  124  8:34  SCV  
  124  8:38  SCV x2  
  127  8:42  Concussive Shells  
  127  8:43  Marauder x2  
  127  8:44  Terran Infantry Weapons Level 2  
  127  8:46  Supply Depot x2  
  131  8:50  Refinery  
  131  8:52  Marauder  
  131  8:54  Terran Infantry Armor Level 2  
  133  8:55  Supply Depot  
  133  8:56  Supply Depot  
  133  9:06  Terran Ship Weapons Level 1  
  133  9:07  Barracks, Factory Tech Lab, Marine x3  
  136  9:10  Barracks, SCV x2  
  136  9:11  Marauder  
  136  9:12  Marine, Marauder  
  136  9:16  Medivac  
  145  9:19  Supply Depot  
  145  9:23  Supply Depot, Medivac  
  145  9:32  Marauder  
  145  9:33  Marauder  
  149  9:39  Marine x3  
  149  9:44  SCV x3  
  155  9:51  Marauder  
  157  9:53  Marauder  
  157  9:54  Planetary Fortress  
  157  9:58  Refinery  
  159  10:02  Refinery, Command Center  
  159  10:04  Missile Turret  
  159  10:05  Missile Turret  
  159  10:07  Marauder  
  159  10:09  Missile Turret  
  159  10:12  Marauder  
  163  10:21  Marine x2, Command Center  
  161  10:22  Marauder  
  161  10:23  SCV x2  
  161  10:24  Medivac  
  161  10:25  Medivac  
  162  10:33  Marauder, Marine x3  
  163  10:41  Marine  
  163  10:42  Marauder  
  162  10:45  Marine  
  162  10:46  Marauder  
  129  10:58  Marauder, Marine  
  129  10:59  Marine  
  129  11:00  Marine x2  
  129  11:01  Siege Tank  
  129  11:03  Marauder  
  119  11:07  Marauder  
  111  11:13  Marine x2  
  111  11:16  Marine  
  107  11:20  Marauder  
  107  11:23  Marine x2  
  107  11:25  Marauder  
  108  11:28  Marauder  
  110  11:38  Marine  
  103  11:41  Marauder  
  103  11:43  Marine x2  
  103  11:46  Marauder  
  100  11:50  Marauder, SCV x2  
  100  11:53  Medivac x2  
  83  11:55  Orbital Command  
  79  12:02  SCV x2  
  79  12:06  Marine x4  
  80  12:14  Marine, SCV x2  
  67  12:26  SCV  
  67  12:28  Marauder, Marine  
  69  12:32  SCV  
  69  12:35  SCV  
  67  12:45  SCV  
  67  12:46  SCV  
  67  12:51  Marine  
  69  12:52  Marine x3, Marauder  
  69  12:54  SCV  
  74  13:02  Marauder, Marine x2  
  74  13:04  Marine  
  77  13:09  Marine  
  77  13:12  Marine x2  
Show
View Real Time Build Order
Export as new Build Order

Bleak Terran 

Build Orders: Mech 

Get SALT Encoding   

  12  0:01  SCV  
  13  0:13  SCV  
  14  0:17  Supply Depot  
  14  0:25  SCV  
  15  0:29  Refinery  
  15  0:39  SCV  
  16  0:44  Barracks  
  16  0:51  SCV  
  16  0:56  Refinery  
  17  1:03  SCV  
  18  1:15  SCV  
  19  1:32  Orbital Command, Reaper  
  20  1:40  Factory  
  20  1:47  Supply Depot  
  20  1:58  SCV  
  21  2:04  Reaper  
  22  2:10  SCV  
  23  2:22  SCV  
  24  2:31  Command Center  
  24  2:34  SCV, Hellion  
  24  2:36  Reaper  
  28  2:43  Starport  
  28  2:48  SCV, Supply Depot  
  29  2:57  Factory Tech Lab  
  29  3:00  SCV  
  30  3:09  Barracks Tech Lab  
  30  3:12  SCV  
  31  3:18  Cyclone  
  31  3:19  Starport Tech Lab  
  34  3:24  SCV  
  35  3:36  SCV  
  35  3:38  Refinery  
  35  3:40  Barracks Reactor  
  36  3:43  Command Center  
  36  3:49  Orbital Command  
  36  3:52  SCV  
  37  4:00  Raven  
  39  4:04  SCV  
  40  4:14  Cyclone  
  40  4:15  SCV  
  40  4:16  SCV  
  45  4:21  Refinery  
  45  4:27  SCV  
  45  4:28  Marine x2, SCV  
  49  4:39  SCV  
  49  4:40  SCV  
  51  4:46  Siege Tank  
  54  4:55  Raven, Marine x2, SCV x2  
  54  4:56  Supply Depot  
  54  4:57  Orbital Command  
  59  5:07  SCV x2  
  59  5:13  Marine x2  
  56  5:19  SCV x2  
  52  5:24  SCV  
  51  5:29  Siege Tank  
  51  5:30  Marine x2  
  51  5:31  SCV x2  
  57  5:36  SCV  
  58  5:43  SCV x2  
  58  5:48  SCV  
  58  5:56  SCV x2  
  60  6:00  Barracks Reactor, SCV  
  60  6:01  Viking x2  
  60  6:02  Factory  
  65  6:08  SCV x2  
  67  6:16  Siege Tank  
  70  6:20  SCV x3  
  73  6:29  Factory  
  73  6:32  SCV x2  
  74  6:37  Orbital Command, Supply Depot x2  
  75  6:40  Armory x2  
  75  6:41  Supply Depot  
  75  6:50  Engineering Bay, SCV x2  
  77  7:02  SCV x3  
  79  7:11  Refinery, Hellion x2  
  79  7:12  Viking x2  
  79  7:13  Siege Tank  
  79  7:14  SCV x3  
  92  7:23  Refinery  
  92  7:26  SCV  
  92  7:27  SCV x2  
  92  7:35  Siege Tank, Hellion x2  
  98  7:39  SCV x3  
  98  7:42  Supply Depot  
  101  7:45  Siege Tank  
  101  7:46  Terran Vehicle Weapons Level 1  
  101  7:47  Terran Vehicle And Ship Armor Level 1  
  101  7:48  Viking  
  101  7:51  SCV x3  
  109  7:54  Viking  
  111  8:03  SCV x3  
  114  8:05  Missile Turret  
  114  8:07  Missile Turret  
  114  8:08  Siege Tank, Sensor Tower, Hellion  
  119  8:15  SCV x2  
  119  8:18  Viking, Hellion  
  121  8:29  Viking  
  121  8:31  Hellion  
  121  8:34  Siege Tank, Supply Depot x2  
  124  8:46  Siege Tank  
  124  8:47  Hellion  
  129  8:48  Viking  
  129  8:52  Hellion  
  132  8:58  Missile Turret  
  132  8:59  Viking, Supply Depot  
  132  9:00  Missile Turret  
  134  9:06  Siege Tank  
  134  9:09  Missile Turret x3  
  137  9:11  Command Center  
  137  9:15  Hellion x2  
  141  9:20  Siege Tank  
  138  9:38  Siege Tank  
  141  9:40  Starport, Hellion x2  
  141  9:41  Starport  
  141  9:44  Terran Vehicle Weapons Level 2  
  145  9:53  Siege Tank  
  145  9:59  Supply Depot  
  148  10:00  Terran Vehicle And Ship Armor Level 2, Supply Depot  
  148  10:04  Hellion x2  
  152  10:07  Supply Depot  
  152  10:10  Siege Tank, Supply Depot  
  155  10:25  Siege Tank, Hellion  
  155  10:26  Hellion  
  148  10:42  Siege Tank  
  125  10:47  Viking, Hellion x2  
  125  10:48  Viking  
  125  10:57  Hellion  
  121  11:08  Hellion x2  
  121  11:14  Siege Tank  
  105  11:18  Hellion  
  97  11:29  Hellion  
  97  11:30  Hellion  
  100  11:40  Siege Tank  
  100  11:41  Viking x4  
  72  12:11  Viking x2  
  62  12:21  Missile Turret  
  60  12:23  Viking  
  56  12:41  Viking  
  58  12:49  Viking  
Tags
 
Composition
Mech
Matchup
TvT
Player
Creed
Race
Terran
Spawn Locations
Cross Positions
Add a new tag
Caveats
  • Supply blocks, unpowered buildings, or Contaminate may cause inaccurate times.
  • Supply counts are checked every 10 seconds.